 Dungeon Crawl Stone Soup version 0.17-a0-913-g36eb389 (webtiles) character file.

167 Lathuz the Conjurer (level 5, -2/28 HPs)
             Began as a Deep Elf Conjurer on May 3, 2015.
             Slain by Borgoz's ghost (4 damage)
             ... on level 4 of the Dungeon.
             The game lasted 00:12:29 (3648 turns).

Lathuz the Conjurer (Deep Elf Conjurer)             Turns: 3648, Time: 00:12:29

Health: -2/28      AC:  2    Str:  5    XL:     5   Next: 23%
Magic:  3/11       EV: 13    Int: 21    God:
Gold:   121        SH:  0    Dex: 15    Spells: 3 memorised, 2 levels left

rFire  . . .     SeeInvis .     i - +0 dagger
rCold  . . .     Clarity  .     a - +0 robe
rNeg   . . .     SustAb   .     (no shield)
rPois  .         Gourm    .     (no helmet)
rElec  .         Spirit   .     (no cloak)
rCorr  .         Warding  .     (no gloves)
rMut   .         Stasis   .     (no boots)
MR     .....                    (no amulet)
Stlth  ++........               (no ring)
                                p - ring of flight

@: not resistant to hostile enchantments, unstealthy
A: no striking features
a: Evoke Flight


You were on level 4 of the Dungeon.
You were not hungry.

You visited 2 branches of the dungeon, and saw 5 of its levels.

You collected 121 gold pieces.

Inventory:

Hand weapons
 i - a +0 dagger (weapon)
Armour
 a - a +0 robe (worn)
Jewellery
 p - a ring of flight (left hand)
Scrolls
 g - a scroll of recharging {unknown}
 h - 3 scrolls of remove curse {unknown}
 k - 2 scrolls of immolation {unknown}
 m - 5 scrolls of identify {unknown}
 n - a scroll of amnesia {unknown}
 r - a scroll of fear {unknown}
Potions
 d - a potion of mutation {unknown}
 e - a potion of haste {unknown}
 f - a potion of agility {unknown}
 o - 2 potions of curing {unknown}
Books
 b - a book of Conjurations

   Spells                             Type                      Level
   a - Magic Dart                     Conjuration                  1
   b - Searing Ray                    Conjuration                  2
   c - Dazzling Spray                 Conjuration/Hexes            3
   d - Fulminant Prism                Conjuration/Hexes            4
   e - Iskenderun's Mystic Blast      Conjuration                  4
   f - Iskenderun's Battlesphere      Conjuration/Charms           5
Comestibles
 c - 4 bread rations
 j - a royal jelly
 l - 2 meat rations
 q - a beef jerky


   Skills:
 - Level 2.4 Dodging
 - Level 2.4 Stealth
 - Level 3.0 Spellcasting
 + Level 7.1 Conjurations
 + Level 1.3 Charms


You had 2 spell levels left.
You knew the following spells:

 Your Spells              Type           Power        Failure   Level  Hunger
a - Magic Dart            Conj           ####         1%          1    None
b - Searing Ray           Conj           ####..       1%          2    ##.....
c - Iskenderun's Battles  Conj/Chrm      ###.....     78%         5    ######.


Dungeon Overview and Level Annotations

Branches:
Dungeon (4/15)             Temple (1/1) D:4

Altars:
Ashenzari
Cheibriados
Dithmenos
Fedhas
Gozag
Makhleb
Okawaru
Qazlal
Sif Muna
Xom
Yredelemnul
Zin
The Shining One

Shops:
D:4 =

Annotations:
D:4 Borgoz's ghost, average OpAs


Message History

Borgoz's ghost hits you.
Casting: Magic Dart
Confirm with . or Enter, or press ? or * to list all spells.
Aiming: Magic Dart
Press: ? - help, Shift-Dir - straight line, f/p - Borgoz's ghost
Aim: Borgoz's ghost, wielding a weapon of electrocution (almost destroyed)
The magic dart hits Borgoz's ghost.
Borgoz's ghost is almost destroyed.
Borgoz's ghost hits you but does no damage.
Borgoz's ghost hits you!
* * * LOW HITPOINT WARNING * * *
Casting: Magic Dart
Confirm with . or Enter, or press ? or * to list all spells.
Aiming: Magic Dart
Press: ? - help, Shift-Dir - straight line, f/p - Borgoz's ghost
Aim: Borgoz's ghost, wielding a weapon of electrocution (almost destroyed)
The magic dart hits Borgoz's ghost.
Borgoz's ghost is almost destroyed.
Borgoz's ghost hits you.
You die...

. #.. #.. #.. ####
#.. ### #... #..
##.## ####.# #..
#...# ##....#
#..#.W##...###.....#
#.....@.....#......#
#..................#
....................#
....................#
....................#
...................#
..$...............#
.................#
..............#


You could see Borgoz's ghost.

Vanquished Creatures
  Ijyb (D:2)
  A hound (D:4)
  A hound zombie (D:4)
  Robin (D:2)
  2 adders (D:2)
  4 worms
  2 giant geckos
  2 orcs (D:3)
  A giant cockroach (D:2)
  5 hobgoblins
  4 jackals (D:1)
  6 kobolds
  4 bats
  3 giant newts
  16 goblins
  7 rats
60 creatures vanquished.

Notes
Turn   | Place    | Note
--------------------------------------------------------------
     0 | D:1      | Lathuz, the Deep Elf Conjurer, began the quest for the Orb.
     0 | D:1      | Reached XP level 1. HP: 10/10 MP: 6/6
   282 | D:1      | Reached XP level 2. HP: 15/15 MP: 4/8
   301 | D:1      | Reached skill level 5 in Conjurations
   953 | D:2      | Noticed Ijyb
   965 | D:2      | Killed Ijyb
   965 | D:2      | Reached XP level 3. HP: 19/19 MP: 1/9
  1088 | D:2      | Learned a level 2 spell: Searing Ray
  1127 | D:2      | Reached skill level 6 in Conjurations
  1348 | D:2      | Noticed Robin
  1488 | D:2      | Reached XP level 4. HP: 24/24 MP: 8/10
  1548 | D:2      | Found a basalt altar of Yredelemnul.
  1834 | D:2      | Killed Robin
  2976 | D:4      | Found Reydghar's Jewellery Shop.
  2979 | D:4      | Noticed Borgoz's ghost (average OpAs)
  3251 | D:4      | Found a staircase to the Ecumenical Temple.
  3257 | Temple   | Entered the Ecumenical Temple
  3479 | D:4      | Reached skill level 7 in Conjurations
  3479 | D:4      | Reached XP level 5. HP: 28/28 MP: 3/11
  3546 | D:4      | Learned a level 5 spell: Iskenderun's Battlesphere
  3556 | D:4      | Reached skill level 1 in Charms
  3648 | D:4      | Slain by Borgoz's ghost

Action                   |  1- 3 |  4- 6 || total
-------------------------+-------+-------++-------
Melee: Dagger            |    14 |     8 ||    22
 Cast: Magic Dart        |    39 |   102 ||   141
       Searing Ray       |     3 |     3 ||     6
  Eat: Chunk             |     1 |     5 ||     6
       Meat ration       |       |     1 ||     1
